Map: Romanticide LE

Players

Zoun

  • Race: Protoss Protoss
  • League: Diamond
  • Spawn Location: 5:00

Astrea

  • Race: Protoss Protoss
  • League: Master
  • Spawn Location: 11:00

Event: Cheeseadelphia Winter Championship 2021

VOD

Have the link to the VOD?

Description

Time

  • Played on: Jan. 24, 2021, 1:14 p.m.
  • Length: 8:00

All games in this series

Show
View Real Time Build Order
Export as new Build Order

Zoun Protoss 

Build Orders: Phoenix Opening, Blink Stalkers 

Get SALT Encoding   

  12  0:00  Probe  
  13  0:12  Probe  
  14  0:16  Pylon  
  14  0:24  Probe (Chrono Boost)  
  15  0:36  Gateway, Probe (Chrono Boost)  
  16  0:44  Probe (Chrono Boost)  
  16  0:45  Assimilator  
  17  0:51  Probe  
  17  0:54  Assimilator  
  18  1:03  Probe (Chrono Boost)  
  19  1:07  Gateway  
  19  1:12  Probe (Chrono Boost)  
  19  1:17  Probe (Chrono Boost)  
  20  1:24  Cybernetics Core  
  21  1:29  Probe  
  22  1:36  Pylon  
  22  1:41  Probe  
  23  1:54  Probe  
  23  2:00  Stalker x2  
  28  2:03  Warp Gate  
  28  2:07  Probe  
  29  2:14  Pylon  
  29  2:18  Pylon  
  29  2:23  Probe  
  30  2:43  Nexus  
  30  2:46  Probe  
  31  2:52  Sentry  
  31  2:53  Sentry  
  31  2:58  Probe  
  36  3:06  Pylon  
  36  3:13  Twilight Council  
  36  3:15  Probe (Chrono Boost)  
  38  3:27  Probe (Chrono Boost)  
  38  3:29  Phoenix  
  38  3:34  Probe (Chrono Boost)  
  38  3:39  Shield Battery  
  39  3:42  Probe  
  40  3:49  Blink (Chrono Boost)  
  40  3:52  Adept  
  40  3:53  Adept  
  40  3:54  Probe (Chrono Boost)  
  45  3:58  Probe (Chrono Boost)  
  46  4:06  Probe (Chrono Boost)  
  46  4:07  Shield Battery  
  48  4:10  Probe (Chrono Boost)  
  48  4:13  Stalker  
  48  4:15  Probe (Chrono Boost)  
  51  4:19  Probe  
  51  4:20  Stalker  
  54  4:24  Probe  
  54  4:28  Shield Battery  
  51  4:34  Pylon  
  50  4:42  Stalker x2  
  52  4:48  Probe  
  52  4:50  Robotics Facility  
  53  4:53  Probe  
  54  5:03  Probe  
  54  5:05  Stalker  
  55  5:09  Stalker  
  55  5:10  Probe  
  56  5:15  Assimilator, Probe  
  56  5:18  Pylon  
  57  5:22  Probe  
  57  5:27  Probe  
  59  5:32  Nexus  
  59  5:36  Pylon  
  59  5:39  Stalker  
  59  5:41  Stalker  
  64  5:42  Probe  
  64  5:46  Probe  
  64  5:48  Observer  
  66  5:54  Gateway  
  66  5:56  Gateway  
  66  5:58  Probe x2  
  66  6:03  Forge  
  68  6:08  Sentry x2  
  68  6:10  Probe  
  68  6:11  Probe  
  74  6:22  Probe  
  74  6:23  Probe  
  68  6:35  Probe x2 (Chrono Boost)  
  68  6:36  Stalker x2  
  68  6:38  Phoenix  
  74  6:44  Probe (Chrono Boost)  
  77  6:47  Probe x2 (Chrono Boost)  
  77  6:53  Immortal, Probe (Chrono Boost)  
  82  6:54  Probe x2 (Chrono Boost)  
  82  6:58  Stalker, Probe (Chrono Boost)  
  87  7:06  Stalker x2, Probe x2  
  93  7:14  Gateway  
  93  7:17  Gateway  
  93  7:23  Pylon  
  93  7:24  Pylon  
  93  7:27  Assimilator x2  
  93  7:28  Templar Archives  
  93  7:38  Shield Battery  
  93  7:39  Shield Battery, Pylon  
  93  7:41  Probe x2  
  93  7:42  Gateway x2  
  97  7:57  Gateway  
Show
View Real Time Build Order
Export as new Build Order

Astrea Protoss 

Build Orders:  

Get SALT Encoding   

  12  0:00  Probe  
  13  0:12  Probe  
  14  0:17  Pylon  
  14  0:24  Probe (Chrono Boost)  
  15  0:36  Gateway, Probe (Chrono Boost)  
  16  0:44  Probe (Chrono Boost)  
  16  0:46  Assimilator  
  17  0:51  Probe  
  17  0:54  Assimilator  
  18  1:03  Probe (Chrono Boost)  
  19  1:10  Gateway  
  20  1:12  Probe (Chrono Boost)  
  20  1:17  Probe (Chrono Boost)  
  20  1:24  Cybernetics Core  
  21  1:29  Probe  
  22  1:35  Pylon  
  22  1:41  Probe  
  23  1:53  Probe  
  24  1:58  Warp Gate (Chrono Boost)  
  29  2:15  Nexus  
  25  2:19  Stalker  
  26  2:26  Stalker  
  28  2:32  Pylon  
  28  2:50  Gateway  
  28  2:51  Stalker  
  30  2:58  Stalker  
  32  3:06  Pylon  
  32  3:12  Shield Battery  
  32  3:16  Probe  
  32  3:28  Probe x2 (Chrono Boost)  
  34  3:39  Probe (Chrono Boost)  
  34  3:41  Adept x2  
  40  3:45  Adept, Probe (Chrono Boost)  
  40  3:46  Probe  
  43  3:56  Probe  
  43  3:58  Probe  
  45  4:08  Probe  
  46  4:10  Adept x2  
  46  4:11  Probe  
  46  4:12  Sentry  
  53  4:20  Probe  
  53  4:23  Probe  
  55  4:27  Robotics Facility  
  55  4:32  Probe  
  55  4:35  Probe  
  51  4:43  Stalker x3  
  51  4:44  Probe  
  56  4:47  Probe  
  56  4:49  Pylon  
  57  4:56  Probe  
  57  4:59  Probe  
  57  5:09  Probe  
  57  5:10  Nexus  
  57  5:11  Probe  
  57  5:15  Observer (Chrono Boost)  
  57  5:17  Adept x2  
  57  5:21  Sentry, Probe  
  65  5:23  Probe  
  65  5:26  Assimilator  
  68  5:37  Pylon  
  68  5:39  Immortal (Chrono Boost)  
  68  5:42  Pylon  
  70  5:44  Assimilator  
  70  5:46  Shield Battery  
  70  5:54  Shield Battery  
  70  5:55  Probe x2 (Chrono Boost)  
  72  6:01  Sentry  
  75  6:05  Probe x2 (Chrono Boost)  
  75  6:10  Probe x2 (Chrono Boost)  
  75  6:14  Immortal  
  79  6:23  Probe  
  76  6:27  Probe  
  76  6:31  Probe  
  72  6:33  Forge  
  72  6:34  Twilight Council  
  72  6:40  Probe x2 (Chrono Boost)  
  72  6:42  Adept x3  
  72  6:43  Probe (Chrono Boost)  
  81  6:50  Immortal  
  81  6:51  Probe (Chrono Boost)  
  81  6:52  Probe (Chrono Boost)  
  81  6:53  Probe (Chrono Boost)  
  84  6:56  Probe x2 (Chrono Boost)  
  84  6:58  Probe (Chrono Boost)  
  89  7:04  Sentry  
  89  7:05  Sentry, Pylon  
  89  7:06  Probe x2  
  95  7:10  Probe  
  95  7:12  Pylon  
  96  7:21  Pylon  
  94  7:24  Gateway  
  94  7:26  Gateway  
  94  7:30  Gateway  
  94  7:33  Assimilator, Gateway  
  94  7:36  Assimilator  
  98  7:42  Dark Shrine  
  98  7:47  Probe x2  
  98  7:48  Stalker x3  
  106  7:55  Pylon  
  107  7:59  Photon Cannon  
Tags
 
Add a new tag
Caveats
  • Supply blocks, unpowered buildings, or Contaminate may cause inaccurate times.
  • Supply counts are checked every 10 seconds.